 Dungeon Crawl Stone Soup version 0.25-a0-505-gae4569222e (webtiles) character file.

Game seed: 16798648756649413230, levelgen mode: deterministic

355 kae the Insei (level 6, 0/48 HPs)
             Began as a Demonspawn Gladiator on Feb 14, 2020.
             Slain by Sigmund
             ... wielding a +0 scythe
              (2 damage)
             ... on level 3 of the Dungeon.
             The game lasted 00:02:37 (2635 turns).

kae the Insei (Demonspawn Gladiator)                Turns: 2635, Time: 00:02:38

Health: 0/48       AC:  6    Str: 14      XL:     6   Next: 36%
Magic:  6/6        EV: 14    Int:  9      God:
Gold:   201        SH:  0    Dex: 16 (17) Spells: 5/5 levels left

rFire    . . .     SeeInvis .     - Unarmed
rCold    . . .     Gourm    .   (no shield)
rNeg     . . .     Faith    .   a - +0 leather armour
rPois    .         Spirit   .   b - +0 helmet
rElec    .         Reflect  .   (no cloak)
rCorr    .         Harm     .   (no gloves)
MR       .....                  (no boots)
Stlth    +.........             (no amulet)
HPRegen  0.16/turn              (no ring)
MPRegen  0.10/turn              (no ring)

@: hasted, very quick
A: talons 1, iridescent scales 1
a: no special abilities


You were on level 3 of the Dungeon.
You were not hungry.

You visited 1 branch of the dungeon, and saw 3 of its levels.

You collected 201 gold pieces.

Inventory:

Missiles
 c - 3 throwing nets (quivered)
Armour
 a - a +0 leather armour (worn)
 b - a +0 helmet (worn)
Jewellery
 f - an uncursed ring of see invisible {unknown}
Scrolls
 e - 2 scrolls of amnesia {unknown}
 g - a scroll of noise {unknown}
 h - a scroll of fear {unknown}
 i - a scroll of enchant armour {unknown}
 j - a scroll of teleportation {unknown}
 n - a scroll of identify {unknown}
 p - 3 scrolls of remove curse {unknown}
Comestibles
 d - a ration


   Skills:
 + Level 3.7 Fighting
 - Level 1.7 Throwing
 + Level 3.9 Dodging
 * Level 5.1 Unarmed Combat


You had 5 spell levels left.
You didn't know any spells.
Your spell library was empty.

Dungeon Overview and Level Annotations

Branches:
Dungeon (3/15)

Altars:

Annotations:
D:3 Robin, Sigmund


Innate Abilities, Weirdness & Mutations

You have sharp toenails.
You are partially covered in iridescent scales. (AC +2)


Message History

You can move again.
Unknown command.
Unknown command.
You hit Ijyb. You claw Ijyb, but do no damage.
Ijyb is almost dead.
Ijyb screams, "Get away!"
Ijyb hits you.
You punch Ijyb!
You kill Ijyb!
Something hits you!
* * * LOW HITPOINT WARNING * * *
Something hits you.
* * * LOW HITPOINT WARNING * * *
Things that are here:
a +0 leather armour; the goblin corpse of Ijyb You closely miss something.
You claw something. You closely miss something. You claw something.
Something hits you!
* * * LOW HITPOINT WARNING * * *
It was a potion of haste.
You feel yourself speed up. Something hits you.
You die...

#.# #.# #)#
#######.######
.............##
#.###...#####.#
#$....#.....>.#
#{###...# #@#
##.## #.# #.#
#.# #.# #.# #.#
..# #.# .## #.#
#. #.# #. #.#
#. #.##


There were no monsters in sight!

Vanquished Creatures
  Grinder (D:3)
  A hound (D:2)
  Ijyb (D:3)
  An iguana (D:2)
  3 adders
  A worm (D:2)
  2 dart slugs
  2 leopard geckos (D:2)
  An orc (D:3)
  7 bats
  2 giant cockroaches (D:1)
  7 hobgoblins
  3 jackals (D:1)
  2 ball pythons
  3 frilled lizards (D:1)
  6 goblins
  9 kobolds
  4 rats
56 creatures vanquished.

Vanquished Creatures (others)
  4 toadstools (D:2)
4 creatures vanquished.

Grand Total: 60 creatures vanquished

Notes
Turn   | Place    | Note
-------+----------+-------------------------------------------
     0 | D:1      | kae the Demonspawn Gladiator began the quest for the Orb.
     0 | D:1      | Reached XP level 1. HP: 16/16 MP: 1/1
     4 | D:1      | Noticed a minotaur
     4 | D:1      | Noticed an ogre
     6 | D:1      | Noticed an octopode
     8 | D:1      | Noticed a naga
    10 | D:1      | Noticed a tengu
    10 | D:1      | Noticed a gargoyle
    12 | D:1      | Noticed a human
    12 | D:1      | Noticed an elf
    14 | D:1      | Noticed a formicid
    14 | D:1      | Noticed a dwarf
    16 | D:1      | Noticed a demonspawn
    16 | D:1      | Noticed a draconian
    18 | D:1      | Noticed a merfolk
    18 | D:1      | Noticed a troll
    20 | D:1      | Noticed a demigod
    20 | D:1      | Noticed a halfling
    22 | D:1      | Noticed a vine stalker
    22 | D:1      | Noticed a ghoul
    24 | D:1      | Noticed a spriggan
    24 | D:1      | Noticed a vampire
    26 | D:1      | Noticed a centaur
    26 | D:1      | Noticed a felid
   183 | D:1      | Reached skill level 3 in Unarmed Combat
   194 | D:1      | Gained mutation: You have sharp toenails. [demonic
                  | ancestry]
   194 | D:1      | Reached XP level 2. HP: 13/22 MP: 2/2
  1018 | D:2      | Gained mutation: You are partially covered in iridescent
                  | scales. (AC +2) [demonic ancestry]
  1018 | D:2      | Reached XP level 3. HP: 20/28 MP: 3/3
  1200 | D:2      | Reached XP level 4. HP: 27/34 MP: 4/4
  1270 | D:2      | Reached skill level 4 in Unarmed Combat
  1980 | D:3      | Noticed Robin
  2125 | D:3      | Noticed Grinder
  2148 | D:3      | Paralysed by Grinder for 4 turns
  2165 | D:3      | Killed Grinder
  2165 | D:3      | Reached XP level 5. HP: 6/41 MP: 5/5
  2165 | D:3      | Reached XP level 6. HP: 7/47 MP: 6/6
  2408 | D:3      | Reached skill level 5 in Unarmed Combat
  2606 | D:3      | Noticed Ijyb
  2609 | D:3      | Noticed Sigmund
  2622 | D:3      | Paralysed by Ijyb for 7 turns
  2631 | D:3      | Killed Ijyb
  2634 | D:3      | HP: 2/48 [something (7)]
  2635 | D:3      | Slain by Sigmund

Levels and vault maps discovered:
D:1:      kb_arrival_jail, layout_basic
D:2:      layout_rooms, minmay_gold_behind_fungi, grunt_ministairs_5
D:3:      layout_loops_ring, uniq_grinder, uniq_natasha, uniq_robin,
          uniq_sigmund, uniq_ijyb

Skill      XL: |  1  2  3  4  5  6 |
---------------+-------------------+-----
Unarmed Combat | 3 4 5 |  5.1
Dodging        | 3 |  3.9
Fighting       | 3 |  3.7
Throwing       | |  1.7

Action                   |  1- 3 |  4- 6 || total
-------------------------+-------+-------++-------
Melee: Unarmed           |    81 |   126 ||   207
       Kick              |    16 |    33 ||    49
       Punch             |       |     1 ||     1
  Use: Potion            |       |     6 ||     6
 Stab: Sleeping          |       |     2 ||     2
  Eat: Chunk             |       |     3 ||     3
       Ration            |       |     1 ||     1
Armor: Leather armour    |    29 |    47 ||    76
Dodge: Dodged            |    57 |    73 ||   130

Table legend:
 A = Non-vault XP
 B = Vault XP
 C = Vault XP percentage of total XP
 D = Non-vault monster count
 E = Vault monster count
 F = Vault count percentage of total count
                 A         B        C        D         E       F
            +---------+---------+-------+---------+---------+-------
      Total |     156 |     352 |  69.3 |      48 |       8 |  14.3
            +---------+---------+-------+---------+---------+-------
        D:1 |      31 |       0 |   0.0 |      19 |       0 |   0.0
        D:2 |     101 |      51 |  33.6 |      22 |       6 |  21.4
        D:3 |      24 |     301 |  92.6 |       7 |       2 |  22.2
            +---------+---------+-------+---------+---------+-------
